 Dungeon Crawl Stone Soup version 0.18.1-50-g88ac8fd (webtiles) character file.

151 Fiskpinne the Shield-Bearer (level 5, 0/45 HPs)
             Began as a Minotaur Fighter on Oct 2, 2016.
             Slain by an orc
             ... wielding a +0 trident
              (4 damage)
             ... on level 3 of the Dungeon.
             The game lasted 00:04:40 (1375 turns).

Fiskpinne the Shield-Bearer (Minotaur Fighter)      Turns: 1375, Time: 00:04:41

Health: 0/45       AC:  7    Str: 24 (27) XL:     5   Next: 11%
Magic:  4/4        EV:  7    Int:  2 (5)  God:
Gold:   100        SH: 10    Dex:  8 (9)  Spells: 0 memorised, 4 levels left

rFire  . . .     SeeInvis .     a - +0 flail
rCold  . . .     Gourm    .     b - +0 scale mail
rNeg   . . .     Faith    .     c - +0 shield
rPois  .         Spirit   .     (helmet restricted)
rElec  .         Dismiss  .     (no cloak)
rCorr  .         Reflect  .     (no gloves)
SustAt .         Harm     .     (no boots)
MR     .....                    (no amulet)
Stlth  ..........               (no ring)
                                (no ring)

@: mighty, flying, not resistant to hostile enchantments, extremely unstealthy
A: retaliatory headbutt, horns 2
a: no special abilities


You were on level 3 of the Dungeon.
You were hungry.

You visited 1 branch of the dungeon, and saw 3 of its levels.

You collected 100 gold pieces.

Inventory:

Hand Weapons
 a - a +0 flail (weapon)
Missiles
 g - 73 stones (quivered)
Armour
 b - a +0 scale mail (worn)
 c - a +0 shield (worn)
Jewellery
 l - an uncursed ring of see invisible {unknown}
Scrolls
 e - a scroll of identify {unknown}
 h - a scroll of remove curse {unknown}
 i - a scroll of recharging {unknown}
 j - a scroll of immolation {unknown}
 o - a scroll of teleportation {unknown}
 p - a scroll of enchant armour {unknown}
 r - 2 scrolls of magic mapping {unknown}
 t - a scroll of amnesia {unknown}
Comestibles
 f - a bread ration
 n - 4 fruits
 q - 2 beef jerkies


   Skills:
 - Level 3.6 Fighting
 * Level 4.6 Maces & Flails
 + Level 4.7 Armour
 + Level 4.9 Shields


You had 4 spell levels left.
You didn't know any spells.

Dungeon Overview and Level Annotations

Branches:
Dungeon (3/15)

Altars:
Pakellas


Innate Abilities, Weirdness & Mutations

You reflexively headbutt those who attack you in melee.
You have a pair of horns on your head.


Message History

There was something very wrong with that liquid.
You feel weakened.
You feel dopey.
You feel clumsy. The orc closely misses you.
Something hits you but does no damage. The orc hits you but does no damage.
It was a potion of flight.
You feel very buoyant.
You fly up into the air.
Something hits you but does no damage. You block the orc's attack.
You block the worm's attack. Something hits you but does no damage.
You feel very mighty all of a sudden. You block the orc's attack.
Something hits you.
* * * LOW HITPOINT WARNING * * *
The orc barely misses you. You furiously retaliate!
You headbutt the orc, but do no damage. You block the worm's attack.
You barely miss something. You headbutt something.
Reactivating autopickup.
You have reached level 5!
You feel a bit more experienced.
The orc hits you from afar with a trident.
You die...

.. #.. .... #.#
....... #.#
......... ###.##
.......... ....#
#......... #..##
##.........
#...#####..........
#.#..#@)o..........
#<##.wo##..........
#.###..............
#.# #.##.o.........
... ..##...........
#.##.##..#.........
#....%....!###...##
. #..##...#wo# (.##
#.. #..###.. ##


You could see a worm and 2 orcs.

Vanquished Creatures
  2 orc wizards (D:3)
  Terence (D:2)
  3 adders (D:2)
  A dart slug (D:1)
  2 giant geckos (D:1)
  An orc (D:3)
  3 bats
  A giant cockroach (D:2)
  5 hobgoblins
  2 jackals (D:1)
  2 quokkas (D:2)
  A ball python (D:1)
  5 giant newts
  3 goblins (D:1)
  7 kobolds
  5 rats
44 creatures vanquished.

Notes
Turn   | Place    | Note
--------------------------------------------------------------
     0 | D:1      | Fiskpinne the Minotaur Fighter began the quest for the Orb.
     0 | D:1      | Reached XP level 1. HP: 19/19 MP: 0/0
   163 | D:1      | Reached XP level 2. HP: 23/26 MP: 1/1
   812 | D:2      | Reached XP level 3. HP: 31/31 MP: 2/2
   917 | D:2      | Noticed Terence
   938 | D:2      | Killed Terence
   938 | D:2      | Reached XP level 4. HP: 17/39 MP: 3/3
  1130 | D:2      | Found an oddly glowing altar of Pakellas.
  1375 | D:3      | Reached XP level 5. HP: 3/45 MP: 4/4
  1375 | D:3      | Slain by an orc

Skill      XL: |  1  2  3  4 |
---------------+-------------+-----
Shields        | 4 |  4.9
Maces & Flails | 3 4 |  4.6
Armour         | 4 |  4.7
Fighting       | |  3.6

Action                   |  1- 3 |  4- 6 || total
-------------------------+-------+-------++-------
Melee: Flail             |    73 |    50 ||   123
       Headbutt          |     9 |    10 ||    19
  Use: Potion            |       |     3 ||     3
  Eat: Chunk             |       |     1 ||     1
Armor: Scale mail        |    38 |    38 ||    76
Dodge: Dodged            |    19 |    21 ||    40
Block: Shield            |    59 |    40 ||    99
